 Dungeon Crawl Stone Soup version 0.23.2-40-g277498a001 (webtiles) character file.

Game seed: 8218175575018586207

1554 Hylith the Skirmisher (level 8, -5/67 HPs)
             Began as a Demonspawn Skald on Sept 25, 2019.
             Was a Follower of Makhleb.
             Slain by an ogre
             ... wielding a +0 giant club
              (20 damage)
             ... on level 8 of the Dungeon.
             The game lasted 00:12:33 (7082 turns).

Hylith the Skirmisher (Demonspawn Skald)            Turns: 7082, Time: 00:12:34

Health: -5/67      AC: 11    Str: 17    XL:     8   Next: 57%
Magic:  0/13       EV: 10    Int: 14    God:    Makhleb [*.....]
Gold:   268        SH:  4    Dex: 15    Spells: 10/14 levels left

rFire    . . .     SeeInvis +   n - +1 whip (vamp)
rCold    . . .     Gourm    .   (no shield)
rNeg     . . .     Faith    .   d - +0 scale mail (curse)
rPois    .         Spirit   +   (helmet restricted)
rElec    .         Reflect  .   (no cloak)
rCorr    .         Harm     .   j - +2 pair of gloves {Str+3}
MR       .....                  f - +0 pair of boots
Stlth    ..........             (no amulet)
HPRegen  0.21/turn              m - ring of see invisible
MPRegen  0.26/turn              q - +2 ring of dexterity

@: no status effects
A: antennae 2, large bone plates 1, magic shield, magic regeneration
a: Renounce Religion


You were on level 8 of the Dungeon.
You worshipped Makhleb.
Makhleb was aware of your devotion.
You were not hungry.

You visited 2 branches of the dungeon, and saw 7 of its levels.

You collected 268 gold pieces.

Inventory:

Hand Weapons
 n - a +1 vampiric whip (weapon)
 t - a +1 morningstar of freezing
Armour
 d - a cursed +0 scale mail (worn)
 f - a +0 pair of boots (worn)
 j - a +2 pair of gloves of strength (worn)
Jewellery
 m - a ring of see invisible (left hand)
 q - a +2 ring of dexterity (right hand)
Scrolls
 l - a scroll of enchant armour
Potions
 a - 2 potions of resistance
 b - a potion of haste {unknown}
 e - a potion of might {unknown}
 g - 2 potions of magic {unknown}
 h - a potion of brilliance {unknown}
 i - a potion of curing {unknown}
 k - 3 potions of cancellation
 o - a potion of mutation {unknown}
 p - a potion of berserk rage {unknown}
 s - a potion of heal wounds {unknown}
 u - a potion of ambrosia {unknown}
Comestibles
 c - 5 rations
 r - 5 chunks of flesh


   Skills:
 + Level 7.6 Fighting
 * Level 3.8 Maces & Flails
 + Level 3.5 Armour
 - Level 2.0 Dodging
 - Level 2.0 Unarmed Combat
 + Level 3.8 Spellcasting
 - Level 3.0 Charms
 - Level 3.0 Necromancy


You had 10 spell levels left.
You knew the following spells:

 Your Spells              Type           Power        Failure   Level  Hunger
a - Infusion              Chrm           ##..         19%         1    None
r - Regeneration          Chrm/Necr      ##........   50%         3    ###....

Your spell library contained the following spells:

 Spells                   Type           Power        Failure   Level  Hunger
 Animate Skeleton         Necr           N/A          19%         1    None
 Pain                     Necr           ##..         19%         1    None
 Song of Slaying          Chrm           ##......     28%         2    ##.....
 Shroud of Golubria       Chrm/Tloc      #.........   45%         2    ##.....
 Vampiric Draining        Necr           ##........   47%         3    ###....
 Spectral Weapon          Hex/Chrm       #.......     71%         3    ###....
 Animate Dead             Necr           N/A          87%         4    ####...


Dungeon Overview and Level Annotations

Branches:
Dungeon (5/15)             Temple (1/1) D:5

Altars:
Ashenzari
Cheibriados
Elyvilon
Fedhas
Gozag
Hepliaklqana
Kikubaaqudgha
Makhleb
Nemelex Xobeh
Okawaru
Qazlal
Ru
Sif Muna
Trog
Uskayaw
Vehumet
Wu Jian
Xom
Yredelemnul
Zin
The Shining One


Innate Abilities, Weirdness & Mutations

You have a pair of antennae on your head.
You are partially covered in large bone plates. (SH +4)
When hurt, damage is shared between your health and your magic reserves.
You regenerate magic rapidly.


Message History

The ogre is heavily wounded.
The ogre closely misses you.
You hit the ogre.
You feel better.
The ogre is severely wounded.
You closely miss the ogre.
The ogre is severely wounded.
The ogre barely misses you.
You hit the ogre.
You feel better.
The ogre is severely wounded.
The ogre hits you with a +0 giant club!!
* * * LOW HITPOINT WARNING * * *
You barely miss the ogre.
The ogre is severely wounded.
The ogre barely misses you.
You hit the ogre.
You feel better.
The ogre is almost dead.
Your scale mail prevents you from hitting the ogre.
The ogre is almost dead.
The ogre hits you with a +0 giant club!!
You die...

##############
#...........[#
####.########.###
#......#### #.#
#.##.#....# #.# ..##
#@##.#O##.# #รท####
.....##O##.#.##.###.#..#
....[....#.#....#...#..#
...........#....#.#.#..#
...###########.##.#.#..#
.. #.###..........
###.....##[.##...
#...###..........
#....O...........


You could see an ogre.

Vanquished Creatures
  A hippogriff (D:8)
  2 ice beasts
  An ogre (D:5)
  2 phantoms (D:4)
  A bullfrog (D:8)
  3 howler monkeys (D:8)
  A bullfrog zombie (D:8)
  3 hounds
  A jelly (D:8)
  A centaur skeleton (D:8)
  2 orc priests
  A bullfrog skeleton (D:8)
  An iguana (D:4)
  5 orc wizards
  6 worker ants
  2 gnolls (D:2)
  7 adders
  5 worms
  2 leopard geckos
  7 orcs
  10 bats
  2 giant cockroaches
  5 hobgoblins
  7 jackals
  9 kobolds
  4 quokkas
  A ball python (D:2)
  8 frilled lizards
  11 goblins
  6 rats
  A plant (D:2)
118 creatures vanquished.

Notes
Turn   | Place    | Note
-------+----------+-------------------------------------------
     0 | D:1      | Hylith the Demonspawn Skald began the quest for the Orb.
     0 | D:1      | Reached XP level 1. HP: 16/16 MP: 3/3
    57 | D:1      | Reached skill level 1 in Armour
   262 | D:1      | Gained mutation: When hurt, damage is shared between your
                  | health and your magic reserves. [demonic ancestry]
   262 | D:1      | Reached XP level 2. HP: 15/22 MP: 3/5
   857 | D:2      | Reached skill level 3 in Fighting
   857 | D:2      | Gained mutation: You have a pair of small antennae on your
                  | head. [demonic ancestry]
   857 | D:2      | Reached XP level 3. HP: 23/29 MP: 4/6
  1317 | D:2      | Found a faded altar of an unknown god.
  1811 | D:2      | Found an iron altar of Okawaru.
  1831 | D:2      | Gained mutation: You have a pair of antennae on your head.
                  | [demonic ancestry]
  1831 | D:2      | Reached XP level 4. HP: 24/37 MP: 4/7
  1853 | D:2      | Reached skill level 4 in Fighting
  3507 | D:4      | Reached XP level 5. HP: 35/43 MP: 8/8
  3525 | D:4      | Reached skill level 5 in Fighting
  3935 | D:4      | Noticed a phantom
  4313 | D:4      | Killed a phantom
  4313 | D:4      | Reached skill level 6 in Fighting
  4313 | D:4      | Gained mutation: You regenerate magic rapidly. [demonic
                  | ancestry]
  4313 | D:4      | Reached XP level 6. HP: 23/52 MP: 6/9
  4958 | D:4      | Learned a level 3 spell: Regeneration
  5218 | D:4      | Reached skill level 1 in Necromancy
  5218 | D:4      | Gained mutation: You are partially covered in large bone
                  | plates. (SH +4) [demonic ancestry]
  5218 | D:4      | Reached XP level 7. HP: 37/59 MP: 8/10
  5426 | D:5      | Entered Level 5 of the Dungeon
  5836 | D:5      | Found a staircase to the Ecumenical Temple.
  5869 | Temple   | Entered the Ecumenical Temple
  6083 | Temple   | Became a worshipper of Makhleb the Destroyer
  6174 | D:5      | Reached skill level 1 in Maces & Flails
  6181 | D:5      | Reached skill level 7 in Fighting
  6228 | D:5      | You fall through a shaft for 3 floors!
  6263 | D:8      | Noticed a two-headed ogre
  6279 | D:8      | Noticed a hippogriff
  6393 | D:8      | Reached XP level 8. HP: 13/67 MP: 5/12
  6760 | D:8      | Reached * piety under Makhleb
  6976 | D:8      | Killed a hippogriff
  7082 | D:8      | Slain by an ogre

Skill      XL: |  1  2  3  4  5  6  7  8 |
---------------+-------------------------+-----
Armour         | 1 2 3 |  3.5
Dodging        | 2 |  2.0
Unarmed Combat | 2 |  2.0
Charms         | 3 |  3.0
Fighting       | 3 4 6 7 |  7.6
Necromancy     | 1 2 3 |  3.0
Maces & Flails | 2 3 |  3.8
Spellcasting   | 3 |  3.8

Action                   |  1- 3 |  4- 6 |  7- 9 || total
-------------------------+-------+-------+-------++-------
Melee: Unarmed           |   227 |   367 |       ||   594
       Punch             |     3 |     9 |     4 ||    16
       Morningstar       |       |    72 |    11 ||    83
       Whip              |       |       |   340 ||   340
 Cast: Infusion          |     3 |       |       ||     3
  Use: Scroll            |       |     6 |     1 ||     7
  Eat: Chunk             |     3 |    12 |     4 ||    19
       Ration            |       |       |     2 ||     2
Armor: Leather armour    |     6 |       |       ||     6
       Ring mail         |   113 |   109 |       ||   222
       Scale mail        |       |       |   173 ||   173
Dodge: Dodged            |   178 |   191 |   164 ||   533
Block: Other             |       |       |    55 ||    55
